 Dungeon Crawl Stone Soup version 0.30.0-5-g1a98f26d00 (webtiles) character file.

Game seed: 5076251006126471820

1748 puppykicker the Magician (level 8, -10/31 (33) HPs)
             Began as a Felid Necromancer on May 11, 2023.
             Was a Believer of Hepliaklqana.
             Killed from afar by Josephine (41 damage)
             ... with a ghostly fireball
             ... on level 10 of the Dungeon.
             The game lasted 00:51:59 (12088 turns).

puppykicker the Magician (Felid Necromancer)       Turns: 12088, Time: 00:51:59

HP:   -10/31 (33)   AC:  2    Str:  6    XL:     8   Next: 78%
MP:   20/20         EV: 19    Int: 20    God:    Hepliaklqana [**....]
Gold: 1319          SH:  5    Dex: 16    Spells: 0/22 levels left
                                        Lives: 0   Deaths: 2

rFire   . .          .
                       - Unarmed
rCold   . . .        (shield unavailable)
rNeg    . . .        (body armour unavailable)
rPois   .            (helmet unavailable)
rElec   .            (cloak unavailable)
rCorr   +            (gloves unavailable)
SInv    +            (boots unavailable)
Will    +....        w - amulet of reflection
Stlth   +++          C - ring of resist corrosion
HPRegen 0.25/turn    (no ring)
MPRegen 0.17/turn

%: reflection
@: drained, quick
A: reduced essence, very small, claws 1, fangs 3, see invisible, speed 1, shaggy
fur 2, stealthy paws, no weapons or thrown items, no armour, multi-lived
a: Renounce Religion, Recall Ancestor, Ancestor Identity


You were on level 10 of the Dungeon.
You worshipped Hepliaklqana.
Hepliaklqana was pleased with you.
You visited 1 branch of the dungeon, and saw 10 of its levels.

You collected 1649 gold pieces.
You spent 330 gold pieces at shops.

Inventory:

Jewellery
 d - the amulet "Efofifa" {Spirit Will+ Slay+2}
   (You acquired it on level 5 of the Dungeon)

   [amulet of guardian spirit]

   It causes incoming damage to be divided between your reserves of health and
   magic.
   Slay:      It affects your accuracy & damage with ranged weapons and melee
   (+2).
   Will:      It increases your willpower.
 w - an amulet of reflection (around neck)
 C - a ring of resist corrosion (left paw)
Wands
 o - a wand of flame (4)
 q - a wand of paralysis (6)
 s - a wand of roots (12)
 v - a wand of mindburst (10)
Scrolls
 f - a scroll of fog
 g - 9 scrolls of amnesia
 h - a scroll of magic mapping {!r}
 r - a scroll of torment {!r}
 B - 2 scrolls of blinking {!r}
Potions
 a - a potion of magic
 b - 2 potions of mutation {unknown}
 c - a potion of heal wounds
 e - 3 potions of flight
 i - a potion of invisibility
 j - a potion of berserk rage {!q}
 k - 3 potions of haste
 l - a potion of degeneration {unknown}
 m - a potion of attraction {unknown}
 n - a potion of curing
 p - a potion of cancellation {unknown}
 u - a potion of resistance {unknown}


   Skills:
 - Level 5.0 Fighting
 - Level 5.0 Dodging
 - Level 5.0 Stealth
 - Level 5.0 Unarmed Combat
 + Level 7.9 Spellcasting
 + Level 3.2 Conjurations
 - Level 5.0 Hexes
 - Level 5.0 Necromancy
 - Level 5.0 Translocations
 - Level 5.0 Invocations
 - Level 5.0 Evocations


You couldn't memorise any spells.
You knew the following spells:

 Your Spells              Type           Power      Damage    Failure   Level
a - Necrotise             Necr           100%       1d9       1%          1
b - Confusing Touch       Hex            27%        N/A       3%          3
g - Apportation           Tloc           54%        N/A       1%          1
p - Blink                 Tloc           54%        N/A       1%          2
s - Slow                  Hex            100%       N/A       1%          1
t - Teleport Other        Tloc           27%        N/A       3%          3
v - Vampiric Draining     Necr           27%        2d7       3%          3
x - Iskenderun's Mystic   Conj/Tloc      24%        2d7       16%         4
Z - Animate Dead          Necr           27%        N/A       11%         4

Your spell library contained the following spells:

 Spells                   Type           Power      Damage    Failure   Level
 Lesser Beckoning         Tloc           54%        N/A       1%          2
 Momentum Strike          Conj/Tloc      48%        3d9       2%          2
 Gell's Gravitas          Tloc           27%        N/A       3%          3
 Volatile Blastmotes      Fire/Tloc      34%        2d12      10%         3
 Cause Fear               Hex            13%        N/A       11%         4
 Fulminant Prism          Conj/Hex       12%        3d9       16%         4
 Agony                    Necr           27%        N/A       30%         5
 Dispersal                Tloc           13%        N/A       86%         6
 Alistair's Intoxication  Tmut/Pois      4%         N/A       94%         5
 Blade Hands              Tmut           3%         N/A       94%         5
 Lee's Rapid Deconstruct  Erth           3%         3d5*      94%         5
 Iron Shot                Conj/Erth      7%         9d2       100%        6
 Dragon Form              Tmut           3%         N/A       100%        7
 Borgnjor's Revivificati  Necr           13%        N/A       100%        8
 Necromutation            Tmut/Necr      8%         N/A       100%        8
 Death's Door             Necr           13%        N/A       100%        9
 Dragon's Call            Summ           3%         N/A       100%        9
 Animate Armour           Summ/Erth      Unusable   N/A       N/A         4

Dungeon Overview and Level Annotations

Branches:
Dungeon (10/15)            Temple (0/1) D:7
   Lair: D:8-11         Orc: D:9-12

Altars:
Cheibriados
Elyvilon
Fedhas
Hepliaklqana
Makhleb
Nemelex Xobeh
Okawaru
Sif Muna
Uskayaw
Vehumet
Xom
Yredelemnul
Zin
The Shining One

Shops:
D:9 *

Annotations:
D:10 Fannar, Josephine


Innate Abilities, Weirdness & Mutations

Your life essence is reduced to manifest your ancestor. (-10% HP)
You have sharp claws.
You have razor-sharp teeth.
You have supernaturally acute eyesight. (SInv)
You cover ground quickly. (Speed+)
You are covered in thick fur. (AC +2)
Your paws help you pounce on unaware monsters.
You are incapable of wielding weapons or throwing items.
You cannot wear armour.
You gain extra lives every three experience levels.


Message History

The wraith attacks as you move away! The wraith misses you.
The wraith hits you!
* * * LOW HITPOINT WARNING * * *
The wraith drains your vigour!
You feel as though you will be slow longer.
You take 11 damage, and have 14/36 hp.
MASSIVE DAMAGE!!
The wraith attacks as you move away! The wraith closely misses you.
As you read the scroll of teleportation, it crumbles to dust.
You feel strangely unstable. The wraith hits you!
* * * LOW HITPOINT WARNING * * *
The wraith barely misses you.
You take 10 damage, and have 5/36 hp.
MASSIVE DAMAGE!!
The wraith hits you!
You die...
The wraith drains your vigour!
You feel as though you will be slow longer.
You are now level 8!
You rejoin the land of the living...
Health restored: 33 You now have 20/20 mp.
Unknown command.
You start waiting.
Jon Arbuckle emerges from the mists of memory!
You start waiting.
Josephine is nearby!
Josephine is nearby!
You swap places.
Josephine drinks a potion.
Josephine's spells are empowered!
Unknown command.
Josephine grinds her teeth.
Unknown command.
Josephine gestures at you while chanting.
The ghostly flame explodes!
The ghostly fireball engulfs you!!!
You feel drained.
Ouch! That really hurt!
You die...

#.. .# #.# .#
#####.#####.#
#...........#
#.###.......#
#.......####
#..R....$.(.
#.......### ####
#...@@..# ..#
#.......### #.#
###....)..######.####
#...............WW##
#.....$.####.#.##W†.
#........###.#.#....
#........#...D.#....
#........#.#.###..##
#........#...###..#


You could see the friendly Jon Arbuckle the hexer and Josephine (empowered).

Levels and vault maps discovered:
D:1:      saegor_arrival_simple_a, layout_basic, serial_co_window_serial,
          co_window_of_opportunity_a, co_window_of_opportunity_a,
          co_window_cross_1, co_window_of_opportunity_a, co_window_paths_b,
          co_window_paths_a, co_window_of_opportunity_a, co_window_corner_b,
          co_window_2corner, co_window_broadway_c, co_window_2corner,
          co_window_broadway_c, co_window_broadway_c, co_window_unsneaky_path_d,
          co_window_sun, minmay_pentomino_s2
D:2:      layout_basic
D:3:      cheibrodos_greedy_goblins, layout_basic, lemuel_round_altar
D:4:      layout_cave_pods, ebering_dispersal_statue_hall
D:5:      gammafunk_wand_slinger, layout_cave_pools,
          mainiacjoe_overflow_chevrons, serial_glass, glass_columns_a,
          glass_columns_b
D:6:      layout_cave_pools, nicolae_hepliaklqana_hippocampus
D:7:      layout_basic, jmf_multi_god_temple, minmay_temple_entry_stoned_glass,
          nicolae_elevator_lobby_plus, uniq_maggie
D:8:      layout_loops_ring, doesnt_xom_only_xom, dancing_weapons_uskayaw
D:9:      layout_loops_corners, mainiacjoe_overflow_24_doors,
          fedhas_altar_fruit_tree, kennysheep_okawaru_gauntlet,
          lemuel_doored_altar, serial_shops, nicolae_shop_pleasant_corner_grove
D:10:     layout_loops_cross, serial_shops, nicolae_shop_window_shopping,
          uniq_josephine, uniq_fannar

Notes
Turn   | Place    | Note
-------+----------+-------------------------------------------
     0 | D:1      | puppykicker the Felid Necromancer began the quest for the
                  | Orb.
     0 | D:1      | Reached XP level 1. HP: 7/7 MP: 4/4
   141 | D:1      | Identified a +0 dagger
   208 | D:1      | Identified a +0 short sword
   226 | D:1      | HP: 1/7 [constriction (1)]
   320 | D:1      | Identified a +0 dagger
   375 | D:1      | Reached XP level 2. HP: 6/12 MP: 6/6
   601 | D:1      | Identified a +0 ring mail
   636 | D:1      | Reached skill level 3 in Stealth
   637 | D:1      | Identified a +0 pair of gloves
   642 | D:1      | Learned a level 1 spell: Apportation
   714 | D:1      | Reached skill level 3 in Dodging
   761 | D:1      | Identified a +0 club
   851 | D:1      | Identified a +0 ring mail
   871 | D:1      | Identified a +0 whip
   900 | D:1      | Identified a +0 leather armour
  1381 | D:2      | Identified a +0 club
  1386 | D:2      | Reached XP level 3. HP: 14/15 MP: 3/7
  1470 | D:2      | Identified a +0 club
  1538 | D:2      | Reached skill level 1 in Unarmed Combat
  1542 | D:2      | Learned a level 3 spell: Vampiric Draining
  1570 | D:2      | Identified a ring of resist corrosion
  1592 | D:2      | Reached skill level 1 in Translocations
  1592 | D:2      | Identified 2 scrolls of fog
  1593 | D:2      | Identified 2 scrolls of enchant weapon
  1605 | D:2      | Reached skill level 1 in Fighting
  1722 | D:2      | Identified a +0 club
  1979 | D:2      | Identified 2 scrolls of identify
  1979 | D:2      | Identified a potion of haste
  1980 | D:2      | Identified a scroll of brand weapon
  2263 | D:2      | Reached XP level 4. HP: 7/19 MP: 1/8
  2264 | D:2      | HP: 4/19 [poisoned by an adder]
  2269 | D:2      | HP: 1/19 [poisoned by an adder]
  2377 | D:3      | Identified a +0 flail
  2414 | D:3      | Identified a +0 dagger
  2414 | D:3      | Identified a +0 robe of resistance
  2514 | D:2      | Identified a +0 plate armour
  2539 | D:3      | Identified a +0 hand axe
  2543 | D:3      | Identified a +0 trident
  2545 | D:3      | Identified a +0 whip
  2545 | D:3      | Identified a +0 ring mail
  2567 | D:3      | Identified a scroll of magic mapping
  2633 | D:3      | Identified 3 scrolls of amnesia
  2700 | D:3      | Identified a +0 dagger
  2712 | D:3      | Identified a +0 dagger
  2807 | D:3      | Identified a +0 leather armour
  2817 | D:3      | Identified a +0 cloak
  2819 | D:3      | Identified a +0 whip
  2831 | D:3      | Identified 2 scrolls of teleportation
  2847 | D:3      | Identified a +0 club
  2853 | D:3      | Reached skill level 4 in Stealth
  2995 | D:3      | Identified a +0 club
  3001 | D:3      | Identified a +0 dagger
  3003 | D:3      | Identified a +0 ring mail
  3003 | D:3      | Identified a +0 short sword
  3014 | D:3      | HP: 2/19 [orc wizard/magic dart (8)]
  3042 | D:3      | Identified a +0 club
  3056 | D:3      | Identified a +0 falchion
  3095 | D:3      | Reached XP level 5. HP: 17/22 MP: 6/9
  3206 | D:3      | Found a glowing silver altar of Zin.
  3246 | D:3      | Identified a +0 quarterstaff
  3288 | D:3      | Identified a +0 dagger
  3288 | D:3      | Identified a +0 sling
  3288 | D:3      | Identified a +0 dagger
  3288 | D:3      | Identified a +0 dagger
  3291 | D:3      | Identified a +0 club
  3291 | D:3      | Identified a +0 dagger
  3294 | D:3      | Identified a +0 dagger
  3296 | D:3      | Reached skill level 2 in Translocations
  3497 | D:3      | Learned a level 4 spell: Animate Dead
  3499 | D:3      | Identified a +0 dagger
  3523 | D:4      | Identified a scroll of acquirement
  3524 | D:4      | Acquired a book of Spatial Translocations
  3543 | D:4      | Identified a +0 club
  3569 | D:4      | Identified a +0 giant spiked club
  3569 | D:4      | Noticed an ogre
  3632 | D:4      | Killed an ogre
  3633 | D:4      | Reached skill level 3 in Spellcasting
  3742 | D:4      | Gained mutation: You are covered in thick fur. (AC +2)
                  | [Felid growth]
  3742 | D:4      | Reached XP level 6. HP: 25/25 MP: 12/12
  3772 | D:4      | Learned a level 2 spell: Blink
  3805 | D:4      | Identified a +0 club
  4105 | D:4      | Identified a +0 mace
  4413 | D:5      | Entered Level 5 of the Dungeon
  4413 | D:5      | Identified a +0 shortbow
  4413 | D:5      | Identified a +0 dagger
  4413 | D:5      | Identified a +0 robe
  4413 | D:5      | Identified a +0 dagger
  4413 | D:5      | Identified a +0 whip
  4413 | D:5      | Found a snail-covered altar of Cheibriados.
  4413 | D:5      | Found a transporter.
  4415 | D:5      | Identified a +0 short sword
  4482 | D:5      | Identified a scroll of blinking
  4486 | D:5      | Identified a scroll of vulnerability
  4553 | D:5      | Reached skill level 4 in Spellcasting
  4557 | D:5      | Identified a +0 club
  4557 | D:5      | Identified a +0 leather armour
  4561 | D:5      | Noticed an ice beast
  4576 | D:5      | Killed an ice beast
  4598 | D:5      | Identified 3 potions of flight
  4606 | D:5      | HP: 3/25 [centaur (5)]
  4607 | D:5      | Identified a potion of heal wounds
  4610 | D:5      | Reached skill level 5 in Spellcasting
  4932 | D:5      | Reached XP level 7. HP: 22/29 MP: 11/15
  4941 | D:5      | Reached skill level 4 in Dodging
  4941 | D:5      | HP: 7/29 [iguana (12)]
  5104 | D:5      | Learned a level 1 spell: Slow
  5108 | D:5      | Learned a level 3 spell: Confusing Touch
  5137 | D:5      | Acquired 1122 gold pieces
  5139 | D:5      | Acquired a Necronomicon
  5141 | D:5      | Acquired the amulet "Efofifa" {Spirit Will+ Slay+2}
  5181 | D:5      | Reached skill level 2 in Fighting
  5181 | D:5      | Reached skill level 2 in Unarmed Combat
  5181 | D:5      | Reached skill level 1 in Hexes
  5321 | D:5      | Identified a +0 whip
  5322 | D:5      | Identified a +0 mace
  5338 | D:5      | Found a transporter.
  5589 | D:5      | Reached skill level 3 in Translocations
  5668 | D:5      | Reached skill level 2 in Hexes
  5782 | D:6      | Identified a scroll of torment
  5783 | D:6      | Identified a scroll of immolation
  5859 | D:6      | Identified a +0 hand axe
  5859 | D:6      | Identified a +0 robe
  5859 | D:6      | Identified a +0 hand axe of venom
  5860 | D:6      | Identified a +0 flail
  5860 | D:6      | Identified a +0 robe
  5862 | D:6      | Identified a +3 hand axe
  5862 | D:6      | Identified a +0 robe
  5862 | D:6      | Identified a +2 war axe of distortion
  5862 | D:6      | Identified a +0 robe
  5862 | D:6      | Identified a +0 halberd
  5862 | D:6      | Identified a +0 robe
  5899 | D:6      | Reached skill level 5 in Stealth
  5907 | D:6      | Identified a +0 club
  5908 | D:6      | Identified a +0 whip
  5909 | D:6      | Identified a +0 club
  5909 | D:6      | Identified a +0 robe
  5910 | D:6      | Identified a +0 club
  5934 | D:5      | Reached skill level 5 in Necromancy
  6035 | D:6      | Identified a +3 dagger
  6035 | D:6      | Identified a +0 robe
  6071 | D:6      | Identified a +0 short sword
  6071 | D:6      | Identified a +0 robe
  6135 | D:6      | Identified a +0 spear
  6135 | D:6      | Identified a +0 robe
  6148 | D:5      | Reached XP level 8. HP: 30/34 MP: 15/17
  6173 | D:6      | Identified a +0 spear
  6173 | D:6      | Identified a +0 robe
  6269 | D:6      | Identified a scroll of poison
  6411 | D:6      | Reached skill level 4 in Translocations
  6418 | D:6      | Identified a +0 helmet
  6437 | D:6      | Reached skill level 3 in Fighting
  6437 | D:6      | Reached skill level 3 in Unarmed Combat
  6440 | D:6      | Reached skill level 3 in Hexes
  6532 | D:6      | Reached skill level 5 in Dodging
  6551 | D:6      | Identified a +0 hand axe
  6555 | D:6      | Identified a +0 dagger
  6555 | D:6      | Identified a +0 dagger
  6555 | D:6      | Identified a +0 robe
  6555 | D:6      | Identified a +0 flail
  6671 | D:6      | Learned a level 3 spell: Teleport Other
  6720 | D:6      | Identified a +0 short sword
  6951 | D:6      | Identified a +0 trident
  6952 | D:6      | Identified a +0 hand axe
  6952 | D:6      | Identified a +0 leather armour
  6952 | D:6      | Identified a +0 flail
  6952 | D:6      | Identified a +0 scale mail
  7098 | D:6      | Identified a +0 sling
  7117 | D:6      | Found a hazy altar of Hepliaklqana.
  7124 | D:6      | Became a worshipper of Hepliaklqana the Forgotten
  7611 | D:7      | Found a staircase to the Ecumenical Temple.
  7616 | D:7      | Identified a +0 spear
  7633 | D:7      | Identified a +0 short sword
  7634 | D:7      | Identified a +0 short sword
  7635 | D:7      | Found a glowing golden altar of the Shining One.
  7635 | D:7      | Identified a +0 dagger
  7635 | D:7      | Identified a +0 club
  7635 | D:7      | Identified a +0 whip
  7635 | D:7      | Identified a +0 spear
  7635 | D:7      | Identified a +0 club
  7635 | D:7      | Identified a +0 dagger
  7635 | D:7      | Identified a +0 robe
  7635 | D:7      | Noticed a kobold demonologist
  7636 | D:7      | Identified a +0 whip
  7638 | D:7      | Identified a +0 dagger
  7656 | D:7      | Reached skill level 4 in Hexes
  7656 | D:7      | Reached skill level 5 in Translocations
  7656 | D:7      | Reached skill level 1 in Invocations
  7656 | D:7      | Reached skill level 1 in Evocations
  7701 | D:7      | Identified 2 potions of berserk rage
  7827 | D:7      | Reached skill level 4 in Unarmed Combat
  7896 | D:7      | Identified a +0 dagger
  7896 | D:7      | Identified a +0 robe
  7896 | D:7      | HP: 8/36 [poisoned by a kobold brigand (curare-tipped
                  | dart)]
  7896 | D:7      | Identified a +0 club
  8025 | D:7      | Identified a +0 hand axe
  8028 | D:7      | Identified a +0 dagger
  8034 | D:7      | Reached skill level 6 in Spellcasting
  8060 | D:7      | Killed a kobold demonologist
  8061 | D:7      | Reached skill level 4 in Fighting
  8061 | D:7      | Reached skill level 5 in Hexes
  8061 | D:7      | Reached skill level 2 in Invocations
  8061 | D:7      | Reached skill level 2 in Evocations
  8061 | D:7      | Reached XP level 9. HP: 30/39 MP: 1/19
  8253 | D:7      | Found a burning altar of Makhleb.
  8333 | D:7      | Identified a +0 dagger
  8333 | D:7      | Identified a +0 whip
  8334 | D:7      | Identified a +0 short sword
  8334 | D:7      | Identified a +0 club
  8359 | D:7      | Identified a +0 long sword
  8359 | D:7      | Identified +0 steam dragon scales
  8359 | D:7      | Noticed Maggie
  8786 | D:7      | Killed Maggie
  8787 | D:7      | Reached skill level 3 in Evocations
  8789 | D:7      | Identified a scroll of fear
  8956 | D:7      | Reached * piety under Hepliaklqana
  9068 | D:7      | Reached skill level 3 in Invocations
  9073 | D:7      | HP: 9/36 [poisoned by a water moccasin]
  9340 | D:8      | Identified a +0 dagger
  9340 | D:8      | Noticed a +0 dagger
  9341 | D:8      | Found a hide-covered altar of Uskayaw.
  9341 | D:8      | Identified a +0 dagger
  9341 | D:8      | Noticed a +0 dagger
  9342 | D:8      | Identified a +0 giant club
  9342 | D:8      | Identified a +0 giant spiked club
  9342 | D:8      | Noticed a two-headed ogre
  9342 | D:8      | Identified a +0 club
  9342 | D:8      | Identified a +0 club
  9342 | D:8      | Identified a +0 flail
  9345 | D:8      | Identified a +0 club
  9345 | D:8      | Identified a +0 robe
  9357 | D:8      | Killed a two-headed ogre
  9358 | D:8      | Reached skill level 5 in Fighting
  9358 | D:8      | Reached skill level 5 in Unarmed Combat
  9358 | D:8      | Reached skill level 4 in Invocations
  9358 | D:8      | Reached skill level 4 in Evocations
  9670 | D:8      | Identified a +0 dagger
  9670 | D:8      | Identified a +0 robe
  9675 | D:8      | Identified a +0 flail
  9675 | D:8      | Identified a +0 arbalest
  9675 | D:8      | Identified a +4 chain mail
  9677 | D:8      | Identified a +0 dagger
  9677 | D:8      | Identified a +0 robe
  9680 | D:8      | Identified a +0 dagger
  9680 | D:8      | Identified a +0 robe
  9685 | D:8      | HP: 5/36 [orc warrior/bolt (14)]
  9696 | D:8      | Identified a +0 short sword
  9696 | D:8      | Identified a +0 ring mail
  9721 | D:8      | Reached skill level 7 in Spellcasting
  9811 | D:8      | Identified a +0 war axe
  9823 | D:8      | Identified a +0 dagger
  9824 | D:8      | Identified a +1 dagger of venom
  9824 | D:8      | Identified a +0 leather armour
  9825 | D:8      | Identified a +0 morningstar
  9828 | D:8      | Identified a +4 falchion
  9946 | D:8      | Identified a +0 dagger
  9946 | D:8      | Identified a +0 robe
  9957 | D:8      | Identified a +0 hand axe
  9962 | D:8      | Reached XP level 10. HP: 39/39 MP: 21/21
  9965 | D:8      | Identified a +0 flail
  9965 | D:8      | Identified a +0 ring mail
  9967 | D:8      | Learned a level 4 spell: Iskenderun's Mystic Blast
  9973 | D:8      | Identified a +0 trident
 10130 | D:8      | Found a basalt altar of Yredelemnul.
 10133 | D:8      | Found a shimmering altar of Xom.
 10133 | D:8      | Found a white marble altar of Elyvilon.
 10135 | D:8      | Found a shimmering altar of Xom.
 10135 | D:8      | Found a shimmering blue altar of Sif Muna.
 10135 | D:8      | Found a sparkling altar of Nemelex Xobeh.
 10149 | D:8      | Identified a +0 ring mail
 10282 | D:8      | Killed from afar by a steam dragon
 10283 | D:8      | Reached XP level 9. HP: -1/36 MP: 0/20
 10386 | D:9      | Identified a +0 spear
 10388 | D:9      | Found an iron altar of Okawaru.
 10388 | D:9      | Identified a +0 spear
 10590 | D:9      | Reached skill level 5 in Invocations
 10592 | D:9      | Reached skill level 1 in Conjurations
 10687 | D:9      | Found a white marble altar of Elyvilon.
 10717 | D:9      | Reached ** piety under Hepliaklqana
 10719 | D:9      | Remembered your ancestor Jon Arbuckle as a hexer
 10719 | D:9      | Identified a +0 dagger of draining
 10750 | D:9      | Found Cupos's Assorted Antiques.
 10750 | D:9      | Identified a +0 shortbow
 10763 | D:9      | Bought a wand of mindburst (10) for 294 gold pieces
 10763 | D:9      | Bought a puce potion for 18 gold pieces
 10763 | D:9      | Bought a grey potion for 18 gold pieces
 10827 | D:9      | Found a radiant altar of Vehumet.
 10848 | D:9      | Reached skill level 5 in Evocations
 10857 | D:9      | HP: 4/36 [killer bee (8)]
 10862 | D:9      | HP: 7/36 [killer bee (4)]
 10897 | D:9      | Identified a +0 dagger of draining
 11061 | D:9      | Identified a +0 morningstar
 11062 | D:9      | Identified a +1 whip of draining
 11063 | D:9      | Identified a +0 short sword
 11063 | D:9      | Identified a +0 plate armour
 11067 | D:9      | Identified a +0 club
 11068 | D:9      | Identified a +0 spear
 11068 | D:9      | Identified a +0 club
 11069 | D:9      | Identified a +0 flail
 11071 | D:9      | Identified a +0 spear
 11071 | D:9      | Identified a +0 scale mail
 11083 | D:9      | Reached skill level 2 in Conjurations
 11083 | D:9      | Identified a +0 spear
 11135 | D:9      | Identified a +2 trident of venom
 11135 | D:9      | Identified a +0 scale mail
 11135 | D:9      | Identified a +0 buckler
 11152 | D:9      | Identified a +0 spear
 11157 | D:9      | Identified a +0 flail
 11164 | D:9      | Identified a +0 club
 11178 | D:9      | Found a blossoming altar of Fedhas.
 11350 | D:9      | HP: 7/36 [vampire/vampiric draining (11)]
 11604 | D:9      | Identified a +0 club
 11649 | D:10     | Entered Level 10 of the Dungeon
 11652 | D:10     | Identified a +0 shortbow
 11657 | D:10     | Reached skill level 3 in Conjurations
 11664 | D:10     | Identified a +0 ring mail
 11702 | D:10     | Identified a +1 robe of cold resistance
 11702 | D:10     | Noticed Fannar
 11750 | D:10     | Identified a +0 dagger of draining
 11807 | D:10     | Identified a +0 shortbow
 11904 | D:10     | Identified an amulet of reflection
 11962 | D:10     | Identified a +0 quarterstaff
 12013 | D:10     | Identified a +0 dagger
 12013 | D:10     | Identified a +0 robe
 12013 | D:10     | Noticed Josephine
 12068 | D:10     | Identified 2 potions of curing
 12069 | D:10     | Identified 2 potions of invisibility
 12080 | D:10     | HP: 5/36 [wraith[Josephine] (11)]
 12081 | D:10     | Mangled by a wraith
 12082 | D:10     | Reached XP level 8. HP: -8/33 MP: 20/20
 12083 | D:10     | Identified a +0 dagger of draining
 12088 | D:10     | Killed from afar by Josephine

Table legend: (Time is in decaauts)
 A = Elapsed time spent in this place.
 B = Non-inter-level travel time spent in this place.
 C = Inter-level travel time spent in this place.
 D = Time resting spent in this place.
 E = Time spent auto-exploring this place.
 F = Levels seen in this place.
 G = Mean time per level.
                   A        B        C        D        E       F      G
               +--------+--------+--------+--------+--------+-----+--------+
         Total |  10531 |  10079 |    452 |   3127 |   4628 |  10 | 1053.1 |
       Dungeon |  10531 |  10079 |    452 |   3127 |   4628 |  10 | 1053.1 |
               +--------+--------+--------+--------+--------+-----+--------+

Top non-repeatable levels by time:
     D:7: 1779 daAuts
     D:6: 1288 daAuts
     D:9: 1196 daAuts
     D:5: 1143 daAuts
     D:1: 1109 daAuts
     D:3: 981 daAuts
     D:4: 945 daAuts
     D:2: 894 daAuts
     D:8: 885 daAuts
    D:10: 307 daAuts

Table legend:
 A = Kills in this place as a percentage of kills in the entire game.
 B = Kills by you in this place as a percentage of kills by you in the entire game.
 C = Kills by friends in this place as a percentage of kills by friends in the entire game.
 D = Other kills in this place as a percentage of other kills in the entire game.
 E = Experience gained in this place as a percentage of experience gained in the entire game.
 F = Experience gained in this place divided by the number of levels of this place that you have seen.
                   A       B       C       D       E      F
               +-------+-------+-------+-------+-------+----------------------
         Total | 100.0 | 100.0 | 100.0 | 100.0 | 100.0 | 769.3
       Dungeon | 100.0 | 100.0 | 100.0 | 100.0 | 100.0 | 769.3
               +-------+-------+-------+-------+-------+----------------------

Skill      XL: |  1  2  3  4  5  6  7  8  9 |
---------------+----------------------------+-----
Stealth        | 3 4 5 |  5.0
Dodging        | 3 4 5 |  5.0
Unarmed Combat | 1 2 4 5 |  5.0
Translocations | 1 2 3 5 |  5.0
Fighting       | 1 2 4 5 |  5.0
Spellcasting   | 3 5 6 7 |  7.9
Hexes          | 2 5 |  5.0
Necromancy     | 5 |  5.0
Invocations    | 2 5 |  5.0
Evocations     | 2 5 |  5.0
Conjurations   | 3 |  3.2

Action                     |  1- 3 |  4- 6 |  7- 9 | 10-12 || total
---------------------------+-------+-------+-------+-------++-------
  Melee: Unarmed           |    70 |   118 |   380 |    11 ||   579
         Bite              |     5 |    12 |    61 |     3 ||    81
         Punch             |       |     2 |    14 |       ||    16
   Cast: Necrotise         |    44 |    81 |    41 |       ||   166
         Vampiric Draining |       |     2 |    44 |     1 ||    47
         Apportation       |       |     2 |     1 |       ||     3
         Confusing Touch   |       |       |     4 |       ||     4
         Animate Dead      |       |       |     1 |       ||     1
 Invoke: Recall Ancestor   |       |       |     8 |       ||     8
         Ancestor Life: He |       |       |     1 |       ||     1
         Ancestor Identity |       |       |     1 |       ||     1
  Evoke: Wand              |       |       |    27 |       ||    27
    Use: Scroll            |     4 |     7 |     9 |       ||    20
         Potion            |       |     2 |     4 |       ||     6
   Stab: Sleeping          |     8 |     6 |     1 |       ||    15
         Distracted        |       |       |     3 |       ||     3
         Confused          |       |       |     3 |       ||     3
         Paralysed         |       |       |     5 |       ||     5
 Armour: Skin              |     6 |    12 |    26 |       ||    44
  Dodge: Dodged            |    90 |   144 |   403 |     7 ||   644
  Block: Other             |       |       |     3 |       ||     3

Vanquished Creatures
  A two-headed ogre (D:8)
  Maggie (D:7)
  A kobold demonologist (D:7)
  A hornet (D:9)
  A wraith (D:10)
  A vampire (D:9)
  A water moccasin (D:7)
  An ice beast (D:7)
  2 orc warriors
  2 sky beasts
  An ogre (D:4)
  3 centaurs
  A phantom (D:5)
  3 kobold brigands (D:7)
  2 bullfrogs
  A gnoll sergeant (D:9)
  3 scorpions
  3 wights
  11 killer bees
  4 hounds
  A jelly (D:3)
  6 orc priests
  A sleepcap (D:6)
  2 gnoll boudas
  2 iguanas (D:5)
  7 orc wizards
  9 gnolls
  4 adders
  4 shadow imps
  A white imp (D:7)
  2 ufetubi
  2 worms
  3 dart slugs
  25 orcs
  10 endoplasms
  4 giant cockroaches
  15 goblins
  7 hobgoblins
  4 jackals (D:2)
  3 quokkas
  6 ball pythons
  5 bats
  4 frilled lizards
  14 kobolds
  3 rats
188 creatures vanquished.

Vanquished Creatures (collateral kills)
  A wyvern (D:9)
  A sky beast (D:7)
  A water moccasin (D:7)
  An ice beast (D:5)
  A gnoll sergeant (D:9)
  2 killer bees (D:9)
  2 orc wizards (D:8)
  8 gnolls
  A shadow imp (D:8)
  An ufetubus (D:6)
  A worm (D:3)
  A dart slug (D:1)
  An orc (D:5)
  2 endoplasms (D:2)
  2 goblins (D:9)
  A hobgoblin (D:3)
  A rat (D:2)
28 creatures vanquished.

Vanquished Creatures (others)
  A killer bee zombie (D:7)
  3 hexers
4 creatures vanquished.

Grand Total: 220 creatures vanquished
